AoeStats
← Tavik

African Clearing

504532744Analyzed
3v3 RM · 27d ago on Sep 5, 2026· 27m 3s· 6 players
Game mode
Random Map
Map size
Normal (6 player)
Population
200
Speed
Normal
Resources
Standard
Victory
Conquest
Starting age
Dark Age
Ending age
Imperial Age
RankedLock teamsTeams togetherTeam positionsShared explorationLock speedFull tech treeHidden civsTurbo modeCheats
Victory
Defeat
🇨🇭 Byzantines · Switzerland
1431
+13
🇨🇭 Vietnamese · Switzerland
1424
+13
🇨🇭 Berbers · Switzerland
1385
+15
🇪🇸 Persians · Spain
1363
-14
🇨🇿 Malians · Czechia
1361
-14
🇩🇪 Huns · Germany
1349
-13
a.miro.amp
6:24 Loom
13:06 Feudal Age
Tavik
3:32 Loom
12:37 Feudal Age
17:23 Castle Age
17:10 Double-Bit Axe
17:07 Horse Collar
19:49 Heavy Plow
porta_sergi
5:52 Loom
13:57 Feudal Age
14:55 Double-Bit Axe
15:54 Horse Collar
18:52 Wheelbarrow
21:28 Castle Age
20:46 Gold Mining
[PSCH] R!ce
11:42 Loom
14:09 Feudal Age
15:06 Double-Bit Axe
17:45 Castle Age
16:30 Fletching
18:27 Bodkin Arrow
18:45 Bow Saw
23:35 Ballistics
26:00 Padded Archer Armor
27:53 Leather Archer Armor
[PSCH] Reh
5:33 Loom
12:18 Feudal Age
16:56 Scale Barding Armor
21:48 Castle Age
20:30 Double-Bit Axe
20:37 Horse Collar
23:08 Bow Saw
23:35 Bloodlines
23:17 Fletching
24:55 Padded Archer Armor
26:10 Leather Archer Armor
26:45 Gold Mining
27:09 Husbandry
[PSCH] wolverito
5:46 Loom
12:50 Feudal Age
14:58 Double-Bit Axe
17:16 Fletching
24:41 Castle Age
24:13 Padded Archer Armor
25:06 Crossbowman
25:42 Bodkin Arrow
26:06 Bow Saw
Connection lost

Rejoining the realm…

Still unreachable

The connection could not be restored.

Session expired

The server has moved on; the page needs a fresh start.